Unix NetHack Version 3.7.0-88 Work-in-progress - last build Jul 17 2023 12:26:22 (ff3987481174382ea04ebda72e34ac83a40b9a22,branch:master). Game began 2023-07-28 13:57:18, ended 2023-07-29 01:42:18. moulin, chaotic male human Rogue # ##############a ----###### < ....# ...| Moulin the Pilferer St:25 Dx:14 Co:17 In:12 Wi:12 Ch:12 Chaotic S:31328 Dlvl:11 $:356 HP:0(71) Pw:46(46) AC:-3 Xp:10/7402 T:21293 Burdened Latest messages: You kill the snake! The snake misses! The quantum mechanic hits! Your position suddenly seems very uncertain! You materialize in a different location! The pyrolisk turns into a water troll! You hit the xan. The xan scratches your left boot! The barrow wight hits! The barrow wight casts a spell at you! You reel... The barrow wight misses! The barrow wight misses! The xan misses! The barrow wight misses! The barrow wight hits! The barrow wight misses! What do you want to use or apply? [bdg-ik-nprsw-zACEFJPRUWZ or ?*] h You feel a bit steadier now. The xan misses! It is missed. The snake is hit. The barrow wight hits! The barrow wight hits! The barrow wight misses! You hit the barrow wight. The xan pricks through your right boot! Your movements are slowed slightly because of your load. You destroy the barrow wight! The xan scratches your left boot! The xan scratches your left boot! The xan misses! The jackal misses! The xan misses! The water troll turns into a large cat! The large cat turns into a baby crocodile! You fall down the stairs. You materialize in a different location! The mumak butts! The mumak misses! What do you want to remove? [vKP or ?*] P You were wearing an uncursed blindfold. You can see again. The giant beetle bites! The black blade draws the life from the giant beetle! The giant beetle bites! The black blade draws the life from the giant beetle! The giant beetle bites! You die... Do you want your possessions identified? [ynq] (y) q Inventory: Coins $ - 356 gold pieces Amulets K - an uncursed amulet of reflection (being worn) Weapons c - 2 +0 darts S - 10 +0 daggers named unlucky (at the ready) G - the rustproof +0 Stormbringer (weapon in hand) Armor t - a blessed +5 helmet (being worn) e - a blessed rusty +1 pair of gauntlets of power (being worn) V - an uncursed burnt +0 pair of jumping boots (being worn) H - an uncursed +0 cloak of protection X - an uncursed +0 elven cloak (being worn) O - an uncursed +0 elven mithril-coat (being worn) Comestibles o - an uncursed cram ration B - an uncursed partly eaten cram ration Rings N - an uncursed ring of invisibility v - an uncursed ring of shock resistance (on left hand) Wands l - a wand of digging (0:7) d - a wand of digging (0:3) i - a wand of enlightenment (0:8) m - a wand of light (0:13) R - a wand of locking (0:5) w - a wand of magic missile (0:3) y - a wand of magic missile (0:3) E - a wand of magic missile (0:3) r - a wand of magic missile (0:0) J - a wand of polymorph (0:3) p - a wand of secret door detection (0:13) U - a wand of sleep (0:7) n - a wand of slow monster (0:4) W - a blessed wand of striking (0:1) Z - a wand of teleportation (0:3) Tools b - an uncursed oilskin sack containing 15 items P - an uncursed blindfold C - an uncursed brass lantern k - an uncursed lock pick A - an uncursed magic whistle z - an uncursed mirror F - an uncursed oil lamp x - a +0 pick-axe (alternate weapon; not wielded) s - an uncursed stethoscope h - a +0 unicorn horn Gems/Stones D - an uncursed amethyst stone Q - 3 uncursed diamonds L - 4 uncursed rubies j - an uncursed luckstone g - a blessed touchstone Contents of the oilskin sack: a blessed thoroughly rusty +1 Uruk-hai shield an uncursed +2 mummy wrapping 2 uncursed fortune cookies 2 uncursed lizard corpses an uncursed scroll of magic mapping an uncursed scroll of light an uncursed scroll of blank paper a cursed scroll of identify 3 uncursed scrolls of identify an uncursed potion of gain ability a cursed potion of sleeping a cursed ring of hunger named c a cursed ring of regeneration named c an uncursed ring of searching a blessed +1 ring of adornment Moulin the Rogue's attributes: Background: You were a Pilferer, a level 10 male human Rogue. You were chaotic, on a mission for Kos who was opposed by Issek (lawful) and Mog (neutral). You were in the Dungeons of Doom, on level 11. You entered the dungeon 21293 turns ago. It was nighttime. You had 7402 experience points, 2598 more were needed to attain level 11. Your score was 31328 before end-of-game adjustments. Basics: You had 0 out of 71 hit points. You had all 46 energy points (spell power). Your armor class was -3. Your wallet contained 356 zorkmids. Autopickup was off. Final Characteristics: Your strength was 25 (base:14, peak:16, innate limit:18/100). Your dexterity was 14 (base:15, peak:16, limit:18). Your constitution was 17 (limit:18). Your intelligence was 12 (limit:18). Your wisdom was 12 (limit:18). Your charisma was 12 (limit:18). Final Status: You had a wounded right leg. You were not hungry. You were burdened; movement was slightly slowed. You were wielding a broadsword. You had basic skill with broadsword and could have enhanced that. Final Attributes: You were piously aligned. You were shock resistant. Your items were protected from electric shocks. You were poison resistant. You were level-drain resistant. You were telepathic. You had automatic searching. You were invisible. You were stealthy. You could jump. You could teleport. You were guarded. You were fast. You had reflection. You were lucky. You had extra luck. Bad luck did not time out for you. Good luck did not time out for you. You are dead. Miscellaneous: You never encountered a bones level. Total elapsed playing time was 5 hours, 34 minutes and 11 seconds. Major events: Turn 1: moulin the chaotic male human Rogue entered the dungeon 1305: attained the rank of Cutpurse (level 3) 1958: entered the Gnomish Mines 2879: entered Sokoban 4625: attained the rank of Rogue (level 6) 6394: completed 1st Sokoban level 6975: completed 2nd Sokoban level 7784: completed 3rd Sokoban level 9364: completed 4th Sokoban level 10359: acquired the Sokoban amulet of reflection 12365: reached Mine Town 15959: entered the Bigroom 16984: was bestowed with Stormbringer by Kos 18258: attained the rank of Pilferer (level 10) 20095: acquired the Mines' End luckstone 21293: killed by a giant beetle Vanquished creatures: 2 giant mimics a fire elemental a water elemental a hill giant 2 black nagas an elf-noble an ogre leader a pyrolisk 2 large cats a gargoyle 3 tengu an ochre jelly a leocrotta a human mummy a wraith 2 carnivorous apes a Grey-elf a soldier an amorous demon 2 chameleons 3 crocodiles a giant beetle 2 quivering blobs 11 wolves 8 winter wolf cubs a lynx 2 panthers a gremlin 3 leprechauns 3 orc-captains 2 iron piercers 3 giant spiders 2 horses 2 vampire bats 2 forest centaurs 3 gnome rulers 2 dwarf mummies 2 rust monsters 4 owlbears a yeti a gold golem 6 lizards a dingo a dog 2 jaguars 4 dwarf leaders a blue jelly a black unicorn 5 dust vortices 2 ravens a gnome mummy 7 snakes 3 apes a human zombie 2 rope golems 3 soldier ants 5 fire ants a bugbear an imp 2 quasits 2 wood nymphs 4 water nymphs 2 mountain nymphs 15 Mordor orcs 10 Uruk-hai 3 orc shamans 5 rock piercers 3 rock moles a pony 4 yellow lights 2 shriekers 2 violet fungi 13 gnome leaders 8 gnomish wizards a guardian naga hatchling 2 gray oozes 2 barrow wights 4 elf zombies a ghoul a straw golem 2 paper golems a baby crocodile 7 giant ants a little dog 11 floating eyes a kitten 22 dwarves a homunculus a kobold shaman 13 hill orcs a rothe 4 rabid rats 2 centipedes 3 giant bats 4 orc zombies 2 werejackals an iguana 24 killer bees 7 acid blobs 4 coyotes 6 hobbits a manes 3 large kobolds 2 hobgoblins 3 giant rats 9 cave spiders a brown mold 4 yellow molds 3 green molds a red mold 62 gnomes 17 garter snakes 7 geckos 24 jackals 5 foxes a kobold 7 goblins 10 sewer rats 7 grid bugs 3 bats 10 lichens 6 kobold zombies 16 newts 540 creatures vanquished. No species were genocided or became extinct. Voluntary challenges: You read items or engraved 18 times. You never engraved Elbereth. You never genocided any monsters. You never polymorphed an object. You used no wishes. You did not violate any of the special Sokoban rules. Achievements: You attained the rank of Cutpurse. You entered the Gnomish Mines. You entered Sokoban. You attained the rank of Rogue. You completed Sokoban. You entered Minetown. You entered the Big Room. You attained the rank of Pilferer. You completed the Gnomish Mines. The Dungeons of Doom: levels 1 to 11 Level 1: A fountain, a grave. Level 2: Level 3: Level 4: "stash altar" An altar to Kos. Stairs down to The Gnomish Mines. Level 5: "oracle" Many fountains. Level 6: Stairs up to Sokoban, level 5. Level 7: A fountain. Level 8: Level 9: Level 10: Some fountains, many trees. A very big room. Level 11: <- You were here. Final resting place for you, killed by a giant beetle. The Gnomish Mines: levels 5 to 13 Level 5: Level 6: "amulet" Level 7: Level 8: An altar, a fountain. Level 9: Level 10: Level 11: Level 12: Level 13: A fountain. Sokoban: levels 5 up to 2 Level 2: Solved. Level 3: Solved. Level 4: Solved. Level 5: Solved. Game over: ---------- / \ / REST \ / IN \ / PEACE \ / \ | moulin | | 356 Au | | killed by a | | giant beetle | | | | | | 2023 | *| * * * | * _________)/\\_//(\/(/\)/\//\/|_)_______ Goodbye moulin the Rogue... You died in The Dungeons of Doom on dungeon level 11 with 31293 points, and 356 pieces of gold, after 21293 moves. You were level 10 with a maximum of 71 hit points when you died.